 Dungeon Crawl Stone Soup version 0.31-a0-233-g139696dc86 (webtiles) character file.

Game seed: 10845615247370138426

26 qw the Shooter (level 2, -3/24 HPs)
             Began as a Minotaur Hexslinger on July 8, 2023.
             Frozen to death by an endoplasm (5 damage)
             ... on level 1 of the Dungeon.
             The game lasted 00:00:14 (490 turns).

qw the Shooter (Minotaur Hexslinger)                 Turns: 490, Time: 00:00:15

Health: -3/24      AC:  2    Str: 12    XL:     2   Next: 89%
Magic:  2/2        EV: 12    Int: 10    God:
Gold:   53         SH:  0    Dex: 12    Spells: 2/3 levels left

rFire   . . .        a - +1 sling
rCold   . . .        (no shield)
rNeg    . . .        c - +0 robe
rPois   .            (helmet restricted)
rElec   .            (no cloak)
rCorr   .            (no gloves)
SInv    .            (no boots)
Will    .....        (no amulet)
Stlth   +            (no ring)
HPRegen 0.24/turn    (no ring)
MPRegen 0.08/turn

%: no passive effects
@: no status effects
A: horns 2, retaliatory headbutt
a: no special abilities


You were on level 1 of the Dungeon.
You visited 1 branch of the dungeon, and saw 1 of its levels.

You collected 53 gold pieces.


Innate Abilities, Weirdness & Mutations

You have a pair of horns on your head.
You reflexively headbutt those who attack you in melee.


   Skills:
 - Level 2.0 Fighting
 + Level 3.5 Ranged Weapons
 - Level 2.1 Dodging
 - Level 1.0 Spellcasting
 - Level 2.0 Hexes


You had 2 spell levels left.
You knew the following spells:

 Your Spells              Type           Power      Damage    Failure   Level
a - Slow                  Hex            16%        N/A       16%         1

Your spell library contained the following spells:

 Spells                   Type           Power      Damage    Failure   Level
 Inner Flame              Hex/Fire       2%         N/A       56%         3
 Portal Projectile        Hex/Tloc       4%         N/A       56%         3
 Cause Fear               Hex            2%         N/A       83%         4

Inventory:

Hand Weapons
 a - a +1 sling (weapon)
Armour
 c - a +0 robe (worn)
 f - a +0 leather armour
Scrolls
 b - a scroll of poison
 e - a scroll of identify {unknown}
 g - a scroll of vulnerability {unknown}
Potions
 d - a potion of heal wounds {unknown}
 h - a potion of lignification {unknown}

Dungeon Overview and Level Annotations

Branches:
Dungeon (1/15)

Altars:


Message History

You furiously retaliate!
You headbutt the jackal!
You kill the jackal!
You shoot a sling bullet. The hobgoblin shouts!
The sling bullet hits the jackal.
You kill the jackal!
The endoplasm hits you.
The jackal bites you but does no damage.
The endoplasm barely misses you. The goblin barely misses you.
You furiously retaliate!
You headbutt the goblin. You shoot a sling bullet.
The sling bullet hits the goblin!
You kill the goblin!
The jackal bites you. The jackal completely misses you.
The endoplasm barely misses you.
You shoot a sling bullet. The sling bullet hits the endoplasm.
The endoplasm is heavily wounded.
The jackal bites you. x2
The endoplasm freezes you.
You are frozen.
The endoplasm barely misses you. You furiously retaliate!
You headbutt the endoplasm!
You kill the endoplasm!
You shoot a sling bullet.
The sling bullet closely misses the jackal.
The jackal bites you. The endoplasm freezes you.
You are frozen.
The jackal bites you but does no damage.
You shoot a sling bullet.
The sling bullet hits the jackal but does no damage.
The endoplasm hits you. The jackal barely misses you.
You shoot a sling bullet.
The sling bullet barely misses the jackal.
The jackal barely misses you. You furiously retaliate!
You headbutt the jackal!
You kill the jackal!
The hobgoblin hits you. The endoplasm freezes you.
You are frozen.
The endoplasm freezes you.
You are frozen.
You die...

#...#... .. .. .#.#
#...#### #.# .. .#. ##...#
.. #.. #. ... #..### ....
..# $ .. # ##.##
....###...#.#.#.##..# ..#..
..#..#.....#.#
.#...###Jg.######.#######
#...#...#@.######.# #...#
#..#.....#........###...##
#.....)..#####..#......>
#..#.....#.# #..#.......
#...#%..#..## #..........
#.#...###....####..#.#...##
..#..#..#........)..#...##
..###...#.#.###..####.###
...#..#....##.....# #.# #


You could see an endoplasm and a hobgoblin.

Vanquished Creatures
  6 endoplasms (D:1)
  A goblin (D:1)
  4 hobgoblins (D:1)
  4 jackals (D:1)
  3 kobolds (D:1)
  A bat (D:1)
  4 rats (D:1)
23 creatures vanquished.

Notes
Turn   | Place    | Note
-------+----------+-------------------------------------------
     0 | D:1      | qw the Minotaur Hexslinger began the quest for the Orb.
     0 | D:1      | Reached XP level 1. HP: 16/16 MP: 1/1
     0 | D:1      | 0 ||| qw: Version: 0.3-a-46-gb1f654a
     0 | D:1      | 0 ||| qw: Game counter: 3675
     0 | D:1      | 0 ||| qw: Melee chars always use a shield: true
     0 | D:1      | 0 ||| qw: God list: Okawaru
     0 | D:1      | 0 ||| qw: Allow faded altars: false
     0 | D:1      | 0 ||| qw: Do Orc after clearing Dungeon:15 true
     0 | D:1      | 0 ||| qw: Do second Lair branch before Depths: true
     0 | D:1      | 0 ||| qw: Lair rune preference: random
     0 | D:1      | 0 ||| qw: Goals: Normal
     0 | D:1      | 0 ||| PLANNING D:1-11
    39 | D:1      | 39 ||| FLEEEEING.
    41 | D:1      | 41 ||| FLEEEEING.
    42 | D:1      | 42 ||| FLEEEEING.
    43 | D:1      | 43 ||| FLEEEEING.
    44 | D:1      | 44 ||| FLEEEEING.
    45 | D:1      | 45 ||| FLEEEEING.
   119 | D:1      | Reached skill level 3 in Ranged Weapons
   135 | D:1      | Reached XP level 2. HP: 23/23 MP: 2/2
   418 | D:1      | 418 ||| FLEEEEING.
   489 | D:1      | HP: 6/24 [endoplasm (3)]
   490 | D:1      | HP: 2/24 [frozen (2)]
   490 | D:1      | Frozen to death by an endoplasm

Levels and vault maps discovered:
D:1:      wheals_arrival_shading, layout_loops_ring, minmay_splitting_lines,
          minmay_pentomino_w2

Skill      XL: |  1  2 |
---------------+-------+-----
Ranged Weapons | 3 |  3.5
Fighting       | 2 |  2.0
Dodging        | |  2.1
Spellcasting   | |  1.0
Hexes          | |  2.0

Action                     || total
---------------------------++-------
   Fire: Sling             ||    69
 Armour: Robe              ||     6
  Dodge: Dodged            ||    22

Table legend:
 A = Non-vault XP
 B = Vault XP
 C = Vault XP percentage of total XP
 D = Non-vault monster count
 E = Vault monster count
 F = Vault count percentage of total count
                 A         B        C        D         E       F
            +---------+---------+-------+---------+---------+-------
      Total |      40 |       0 |   0.0 |      23 |       0 |   0.0
            +---------+---------+-------+---------+---------+-------
        D:1 |      40 |       0 |   0.0 |      23 |       0 |   0.0
            +---------+---------+-------+---------+---------+-------
